 Dungeon Crawl Stone Soup version 0.28.0 (webtiles) character file.

Game seed: 7561549069141406344

39 catcat the Chopper (level 3, -2/33 HPs)
             Began as a Hill Orc Fighter on Feb 14, 2022.
             Slain by a gnoll shaman (9 damage)
             ... on level 1 of the Dungeon.
             The game lasted 00:03:06 (1673 turns).

catcat the Chopper (Hill Orc Fighter)               Turns: 1673, Time: 00:03:07

Health: -2/33      AC:  8    Str: 18    XL:     3   Next: 45%
Magic:  3/3        EV:  9    Int:  8    God:
Gold:   74         SH:  4    Dex: 12    Spells: 2/2 levels left

rFire   . . .      SeeInvis .   a - +0 war axe
rCold   . . .      Faith    .   c - +0 buckler
rNeg    . . .      Spirit   .   b - +0 scale mail
rPois   .          Reflect  .   (no helmet)
rElec   .          Harm     .   (no cloak)
rCorr   .          Rampage  .   k - +0 pair of gloves
Will    .....                   (no boots)
Stlth   ..........              (no amulet)
HPRegen 0.11/turn               (no ring)
MPRegen 0.08/turn               (no ring)

@: mighty
A: no striking features
a: no special abilities


You were on level 1 of the Dungeon.
You visited 1 branch of the dungeon, and saw 2 of its levels.

You collected 74 gold pieces.

Inventory:

Hand Weapons
 a - a +0 war axe (weapon)
 e - a +0 dagger
 f - a +0 dagger
Armour
 b - a +0 scale mail (worn)
 c - a +0 buckler (worn)
 k - a +0 pair of gloves (worn)
Magical Staves
 i - a staff of fire
Scrolls
 h - a scroll of identify {unknown}
 j - a scroll of amnesia {unknown}
 l - a scroll of fear {unknown}
 p - a scroll of noise {unknown}
Potions
 d - a potion of might
 g - a potion of magic {unknown}
 m - a potion of brilliance {unknown}
 n - a potion of attraction {unknown}
 o - a potion of ambrosia {unknown}


   Skills:
 - Level 4.0 Fighting
 + Level 4.5 Axes
 - Level 3.2 Armour
 + Level 0.4 Dodging
 - Level 3.2 Shields


You had 2 spell levels left.
You didn't know any spells.
Your spell library contained the following spells:

 Spells                   Type           Power      Damage    Failure   Level
 Apportation              Tloc           0%         N/A       87%         1


Dungeon Overview and Level Annotations

Branches:
Dungeon (2/15)

Altars:

Shops:
D:1 (


Message History

You climb upwards.
There is a stone staircase leading down here.
You hit the gnoll.
The gnoll is moderately wounded.
The gnoll barely misses you.
You slash the gnoll!
The gnoll is almost dead.
The gnoll closely misses you. The gnoll hits you with a +0 club.
You hit the gnoll.
You kill the gnoll!
No target in view!
You start resting.
HP restored.
You climb downwards.
There is a stone staircase leading up here.
You hit the gnoll shaman.
The gnoll shaman is lightly wounded.
The gnoll shaman hits you with a +0 whip!
You hit the gnoll shaman.
The gnoll shaman is moderately wounded.
The gnoll shaman hits you but does no damage.
You barely miss the gnoll shaman.
The gnoll shaman is moderately wounded.
You barely miss the gnoll.
The gnoll shaman hits you with a +0 whip.
The gnoll barely misses you. You block the gnoll's attack.
The gnoll shaman hits you with a +0 whip!
The gnoll hits you but does no damage.
The gnoll hits you from afar with a +0 halberd!
* * * LOW HITPOINT WARNING * * *
You climb upwards.
There is a stone staircase leading down here.
You see here a +0 club.
You feel very mighty all of a sudden. You block the gnoll's attack.
You barely miss the gnoll. You closely miss the gnoll shaman.
The gnoll shaman is moderately wounded.
The gnoll shaman hits you with a +0 whip!
You die...

#####.###)............#.#
#[......##############.##
#.###.#.# ##....#
#.###.#.##########.###.###
#.##.........##....# #....
#.##..#.####)##.##.###.###
#.##......##.##.###....#
#.......#.##.##.####.#.#
####.####@##.........#.## #.#
#g#####.#####...## #.#
##g###..#.........#
#######.###...##.#.#####....#
#................#.######.#.#
#####.#####.###...#..#....)......
............# ##.##.)#..^.......^
.####.####### #.##..>..#.#P#._.#
.# #.# #.##...#.#.#P#####


You could see a gnoll shaman and a gnoll.

Vanquished Creatures
  2 gnolls (D:1)
  3 ball pythons (D:1)
  2 endoplasms
  3 hobgoblins
  2 kobolds (D:1)
  2 bats
  A frilled lizard (D:1)
  2 goblins (D:1)
  3 rats
20 creatures vanquished.

Notes
Turn   | Place    | Note
-------+----------+-------------------------------------------
     0 | D:1      | catcat the Hill Orc Fighter began the quest for the Orb.
     0 | D:1      | Reached XP level 1. HP: 19/19 MP: 1/1
   395 | D:1      | Found a faded altar of an unknown god.
   413 | D:1      | Reached XP level 2. HP: 23/27 MP: 2/2
   457 | D:1      | Got Plato's Incunabulum of Orientation
   798 | D:1      | Found Uruqokh's Antique Weapon Boutique.
  1056 | D:1      | Reached XP level 3. HP: 17/33 MP: 3/3
  1673 | D:1      | Slain by a gnoll shaman

Illustrated notes

Levels and vault maps discovered:
D:1:      scummos_arrival_gate, layout_loops_ring, serial_shops, shop,
          shapermc_ecumenical_altar_rom_forum
D:2:      layout_loops_ring, serial_glass, glass_columns_a, glass_columns_a,
          glass_columns_b, due_unseen_surprise, minmay_strange_pillars,
          item_on_display_a

Skill      XL: |  1  2 |
---------------+-------+-----
Axes           | 3 4 |  4.5
Fighting       | 4 |  4.0
Armour         | |  3.2
Dodging        | |  0.4
Shields        | |  3.2

Action                   || total
-------------------------++-------
Melee: War axe           ||    67
  Use: Potion            ||     1
Armor: Scale mail        ||    22
Dodge: Dodged            ||    20
Block: Buckler           ||    14
